 Dungeon Crawl Stone Soup version 0.19.0-22-gd96e5fe (webtiles) character file.

25609 grisgris the Fencer (level 12, 0/108 HPs)
             Began as a Minotaur Fighter on Nov 18, 2016.
             Was a High Priest of Qazlal.
             Shot with an arrow by a centaur (6 damage)
             ... on level 12 of the Dungeon.
             The game lasted 00:46:55 (11868 turns).

grisgris the Fencer (Minotaur Fighter)             Turns: 11868, Time: 00:46:57

Health: 0/108      AC: 18    Str: 27    XL:     12   Next: 91%
Magic:  17/17      EV: 10    Int:  7    God:    Qazlal [*****.]
Gold:   386        SH: 13    Dex:  9    Spells: 0 memorised, 11 levels left

rFire  + . .     SeeInvis .     B - +2 great sword (flame)
rCold  . . .     Gourm    .     a - +0 plate armour
rNeg   . . .     Faith    .     (shield currently unavailable)
rPois  +         Spirit   .     b - +2 hat
rElec  .         Reflect  +     L - +1 cloak
rCorr  +         Harm     .     (no gloves)
MR     .....                    (no boots)
Stlth  ..........               v - +6 amulet of reflection
                                C - ring of resist corrosion
                                e - ring of poison resistance

@: protected from fire, repel missiles
A: retaliatory headbutt, horns 2, clever 1
a: Upheaval, Elemental Force, Disaster Area, Renounce Religion


You were on level 12 of the Dungeon.
You worshipped Qazlal.
Qazlal was extremely pleased with you.
You were not hungry.

You visited 3 branches of the dungeon, and saw 14 of its levels.

You collected 609 gold pieces.
You spent 223 gold pieces at shops.

Inventory:

Hand Weapons
 m - a +1 flail of holy wrath
 y - the +1 mace "Yra Loo" {venom, rPois}
   (You found it on level 5 of the Dungeon)

   It poisons the flesh of those it strikes.
   It protects you from poison.
 B - a +2 great sword of flaming (weapon)
 E - the +9 great sword of Greed {slice, rF+ SInv Stlth+}
   (You found it on level 8 of the Dungeon)

   It inflicts extra damage upon your enemies.
   It protects you from fire.
   It lets you see invisible.
   It makes you more stealthy.
Armour
 a - a +0 plate armour (worn)
 b - a +2 hat (worn)
 L - a +1 cloak (worn)
Rods
 A - a +2 lightning rod (10/10)
   (You found it on level 12 of the Dungeon)
Jewellery
 e - a ring of poison resistance (left hand)
 h - an uncursed amulet of the gourmand
 q - a +2 amulet of reflection
 v - a +6 amulet of reflection (around neck)
 C - a ring of resist corrosion (right hand)
Wands
 r - a wand of iceblast (7/15)
Scrolls
 c - 2 scrolls of identify
 l - a scroll of magic mapping
 o - 4 scrolls of remove curse
 s - 2 scrolls of fog
 z - 2 scrolls of teleportation
 F - a scroll of recharging
 H - a scroll of silence
 P - a scroll of holy word
Potions
 d - a potion of flight
 g - 2 potions of magic
 k - a potion of cancellation
 u - a potion of invisibility
Books
 x - a book of Maledictions

   Spells                             Type                      Level
   a - Corona                         Hexes                        1
   b - Ensorcelled Hibernation        Hexes/Ice                    2
   c - Confuse                        Hexes                        3
   d - Tukima's Dance                 Hexes                        3
   e - Dazzling Spray                 Conjuration/Hexes            3
Comestibles
 f - 8 bread rations
 i - 3 beef jerkies
 j - 15 fruits
 n - 5 chunks of flesh
 p - a slice of pizza
 t - a meat ration


   Skills:
 + Level 10.7 Fighting
 + Level 16.0 Long Blades
 + Level 3.1 Maces & Flails
 + Level 9.3 Armour
 + Level 5.5 Dodging
   Level 10.5 Shields
 * Level 8.0 Invocations


You had 11 spell levels left.
You didn't know any spells.

Dungeon Overview and Level Annotations

Branches:
Dungeon (12/15)            Temple (1/1) D:4            Lair (1/6) D:9
    Orc: D:9-12

Altars:
Ashenzari
Cheibriados
Dithmenos
Elyvilon
Fedhas
Gozag
Hepliaklqana
Kikubaaqudgha
Makhleb
Nemelex Xobeh
Okawaru
Qazlal
Ru
Sif Muna
Trog
Uskayaw
Vehumet
Xom
Yredelemnul
Zin
The Shining One

Shops:
D:4 (   D:7 %   D:8 ?   D:11 !


Innate Abilities, Weirdness & Mutations

You reflexively headbutt those who attack you in melee.
You have a pair of horns on your head.
Your mind is acute. (Int +2)


Message History

The centaur shoots an arrow.
The arrow is repelled.
The centaur shoots an arrow.
The arrow closely misses you.
You see here 2 arrows.
The centaur shoots an arrow.
You reflect the arrow off an invisible shield around you!
The arrow closely misses the centaur.
The centaur barely misses you.
You riposte.
You hit the centaur. You burn the centaur.
You kill the centaur!
Qazlal accepts your kill.
The centaur wields a shortbow.
The centaur shoots an arrow.
The arrow hits you.
* * * LOW HITPOINT WARNING * * *
A centaur comes into view. It is wielding a shortbow.
You see here an arrow.
A centaur comes into view.
The centaur shouts!
The centaur hits you but does no damage.
The centaur hits you.
* * * LOW HITPOINT WARNING * * *
The centaur shoots an arrow.
The arrow hits you.
You die...

. ........[.......#.#......+ ..#
######.........#.##[#......# ###
...........##..#.##.#......#
.###.......##.......#......#
..##.......##....##'########
..##.....#.##............#
......<.......§..........#
#.#......##[##.c#§.......#
#.#...........§c@§§§.....#
#.#..#..###(##(c#(.§.....########
#.#.............#(.....†...).##.#
..#........#(#.#######c#####.#..#
.........).)...c.......# #...†.
..........<(.(.......### #.....
############.#(#####.# ##.... #
#.............#. #..†† #
#.###..#..###.#. #...#


You could see 4 centaurs.

Vanquished Creatures
  A fire giant (D:12)
  The ghost of Krapule the Fighter, a journeyman MiFi of the Shining One (D:10)
  Azrael (D:12)
  An ettin (D:12)
  Harold (D:10)
  Erica (D:10)
  The ghost of azzavlup the Carver, a journeyman TeBe of Trog (D:12)
  A death knight (D:11)
  A centaur warrior (D:12)
  A tengu warrior (D:12)
  An unseen horror (D:10)
  The ghost of Nicoed the Geomancer, a novice OpEE of Vehumet (D:9)
  2 hill giants
  A deep elf mage (D:11)
  A manticore (D:11)
  Maurice (D:9)
  Psyche (D:10)
  A gargoyle (D:9)
  A kobold demonologist (D:10)
  A troll (D:11)
  A queen bee (D:12)
  3 meliai (D:12)
  A hippogriff (D:7)
  3 wraiths
  3 wyverns
  A shadow (D:11)
  3 fire elementals (D:11)
  Grum (D:10)
  12 yaks
  The ghost of vible the Chopper, an amateur HOSk (D:3)
  A hungry ghost (D:11)
  Edmund (D:5)
  3 hell hounds
  A hornet zombie (D:9)
  2 sky beasts
  A black bear (D:10)
  5 orc warriors
  A phantom (D:4)
  3 ice beasts
  10 ogres
  6 centaurs
  2 necrophages (D:9)
  3 wolves (D:10)
  Blork the orc (D:5)
  17 big kobolds
  5 bullfrogs
  5 scorpions
  44 killer bees
  2 wights (D:7)
  2 howler monkeys
  4 crimson imps
  4 centaur zombies
  2 quasits
  3 orc priests
  3 jellies
  12 orc wizards
  A bullfrog zombie (D:11)
  3 bullfrog skeletons
  2 hounds (D:12)
  Crazy Yiuf (D:5)
  2 centaur skeletons
  4 iguanas
  6 worker ants
  3 hound skeletons
  A hound zombie (D:9)
  7 gnolls
  15 adders
  4 shadow imps
  2 oozes
  2 adder zombies (D:10)
  2 worms (D:3)
  A dart slug (D:2)
  3 leopard geckos (D:1)
  28 orcs
  4 giant cockroaches
  4 goblins
  3 hobgoblins
  10 jackals
  4 quokkas
  2 ball pythons (D:1)
  7 bats
  5 frilled lizards
  29 kobolds
  A leopard gecko skeleton (D:6)
  2 quokka skeletons
  5 rats
  4 fungi (D:9)
  A plant (D:9)
361 creatures vanquished.

Vanquished Creatures (others)
  3 plants (D:12)
3 creatures vanquished.

Grand Total: 364 creatures vanquished

Notes
Turn   | Place    | Note
-------+----------+-------------------------------------------
     0 | D:1      | grisgris the Minotaur Fighter began the quest for the Orb.
     0 | D:1      | Reached XP level 1. HP: 19/19 MP: 0/0
   144 | D:1      | Reached XP level 2. HP: 27/27 MP: 1/1
   479 | D:2      | Found a radiant altar of Vehumet.
   808 | D:2      | Reached XP level 3. HP: 33/33 MP: 2/2
   911 | D:2      | Found a faded altar of an unknown god.
  1132 | D:2      | Reached skill level 3 in Long Blades
  1529 | D:3      | Reached XP level 4. HP: 40/40 MP: 3/3
  1544 | D:3      | Found a snail-covered altar of Cheibriados.
  1553 | D:3      | Noticed vible's ghost (amateur HOSk)
  1573 | D:3      | Killed vible's ghost
  1573 | D:3      | Reached skill level 4 in Long Blades
  1573 | D:3      | Reached skill level 1 in Dodging
  1573 | D:3      | Reached XP level 5. HP: 29/47 MP: 4/4
  1596 | D:3      | Reached skill level 5 in Long Blades
  1825 | D:3      | Reached skill level 5 in Shields
  1825 | D:3      | Reached XP level 6. HP: 51/53 MP: 5/5
  2485 | D:4      | Reached skill level 5 in Armour
  2503 | D:4      | Found a staircase to the Ecumenical Temple.
  2527 | Temple   | Entered the Ecumenical Temple
  2575 | Temple   | Became a worshipper of Qazlal Stormbringer
  2808 | D:4      | Found Lios's Antique Weapon Boutique.
  2864 | D:4      | Reached XP level 7. HP: 59/60 MP: 6/6
  3242 | D:4      | Reached skill level 6 in Long Blades
  3411 | D:4      | Found a shimmering altar of Xom.
  3413 | D:4      | Found a hazy altar of Hepliaklqana.
  3413 | D:4      | Found a glowing golden altar of the Shining One.
  3415 | D:4      | Found an iron altar of Okawaru.
  3415 | D:4      | Found a sparkling altar of Nemelex Xobeh.
  3415 | D:4      | Found a bloodstained altar of Trog.
  3469 | D:5      | Entered Level 5 of the Dungeon
  3508 | D:5      | Reached skill level 5 in Fighting
  3840 | D:5      | Found a burning altar of Makhleb.
  3937 | D:5      | Noticed Edmund
  3950 | D:5      | Killed Edmund
  3950 | D:5      | Reached skill level 7 in Long Blades
  4154 | D:5      | Reached XP level 8. HP: 68/68 MP: 7/7
  4294 | D:5      | Noticed Blork the orc
  4308 | D:5      | Killed Blork the orc
  4308 | D:5      | Reached skill level 1 in Maces & Flails
  4339 | D:5      | Found an opulent altar of Gozag.
  4414 | D:5      | Found a runed door.
  4418 | D:5      | Noticed Crazy Yiuf
  4423 | D:5      | Killed Crazy Yiuf
  4433 | D:5      | Got an ivory mace
  4434 | D:5      | Identified the cursed +1 mace "Yra Loo" {venom, rPois} (You found it on level 5 of the Dungeon)
  4529 | D:6      | Found an ancient bone altar of Kikubaaqudgha.
  4577 | D:6      | Found a shattered altar of Ashenzari.
  4790 | D:7      | Reached * piety under Qazlal
  4800 | D:7      | Reached skill level 8 in Long Blades
  5192 | D:7      | Reached skill level 9 in Long Blades
  5192 | D:7      | Reached XP level 9. HP: 75/75 MP: 8/8
  5266 | D:7      | Found Uvoaloav's Food Shop.
  5623 | D:7      | Found a glowing golden altar of the Shining One.
  5713 | D:8      | Reached skill level 1 in Invocations
  5728 | D:8      | Reached ** piety under Qazlal
  5819 | D:8      | Got an ichor-stained great sword
  5842 | D:8      | Identified the +9 great sword of Greed {slice, rF+ SInv Stlth+} (You found it on level 8 of the Dungeon)
  6054 | D:8      | Reached skill level 10 in Long Blades
  6086 | D:8      | Found Kuth's Magic Scroll Boutique.
  6096 | D:8      | Bought a scroll of identify for 26 gold pieces
  6096 | D:8      | Bought a scroll of fear for 45 gold pieces
  6096 | D:8      | Bought a scroll of silence for 97 gold pieces
  6096 | D:8      | Bought a scroll of noise for 13 gold pieces
  6642 | D:9      | Reached XP level 10. HP: 86/86 MP: 11/11
  6742 | D:9      | Found a staircase to the Lair.
  6765 | D:9      | Reached *** piety under Qazlal
  6797 | D:9      | Noticed Maurice
  6806 | D:9      | Killed Maurice
  6972 | D:9      | Noticed a gargoyle
  6978 | D:9      | Killed a gargoyle
  6978 | D:9      | Reached skill level 11 in Long Blades
  7146 | D:9      | Noticed Nicoed's ghost (novice OpEE)
  7160 | D:9      | Killed Nicoed's ghost
  7406 | D:10     | Entered Level 10 of the Dungeon
  7413 | D:10     | Gained mutation: Your mind is acute. (Int +2) [potion of beneficial mutation]
  7448 | D:10     | Noticed an unseen horror
  7449 | D:10     | Noticed Psyche
  7458 | D:10     | Killed an unseen horror
  7470 | D:10     | Reached skill level 10 in Shields
  7481 | D:10     | Noticed Harold
  7486 | D:10     | Killed Psyche
  7486 | D:10     | Reached skill level 12 in Long Blades
  7494 | D:10     | Killed Harold
  7510 | D:10     | Reached skill level 5 in Invocations
  7705 | D:10     | Reached XP level 11. HP: 94/94 MP: 13/13
  7734 | D:10     | Noticed a hill giant
  7738 | D:10     | Noticed Krapule's ghost (journeyman MiFi)
  7738 | D:10     | Killed a hill giant
  7753 | D:10     | Killed Krapule's ghost
  7770 | D:10     | Reached **** piety under Qazlal
  7984 | D:10     | Reached skill level 13 in Long Blades
  7993 | D:10     | Noticed Erica
  8001 | D:10     | Killed Erica
  8007 | D:10     | Noticed Grum
  8017 | D:10     | Killed Grum
  8055 | Lair:1   | Entered Level 1 of the Lair of Beasts
  8522 | D:11     | Found Roopny's Distillery.
  8522 | D:11     | Noticed a deep elf mage
  8525 | D:11     | Killed a deep elf mage
  8525 | D:11     | Reached skill level 5 in Dodging
  8529 | D:11     | Bought a potion of flight for 42 gold pieces
  8701 | D:11     | Noticed a death knight
  8715 | D:11     | Killed a death knight
  9021 | D:11     | Reached skill level 14 in Long Blades
  9031 | D:11     | Reached ***** piety under Qazlal
  9452 | D:12     | Noticed Azrael
  9468 | D:11     | Reached XP level 12. HP: 68/104 MP: 15/15
  9950 | D:12     | Killed Azrael
 10009 | D:12     | Noticed a tengu warrior
 10014 | D:12     | Killed a tengu warrior
 10020 | D:12     | Reached skill level 15 in Long Blades
 10029 | D:12     | Noticed a centaur warrior
 10036 | D:12     | Killed a centaur warrior
 10036 | D:12     | Reached skill level 10 in Fighting
 10860 | D:12     | Noticed azzavlup's ghost (journeyman TeBe)
 11293 | D:12     | Noticed an eight-headed hydra
 11748 | D:12     | Killed azzavlup's ghost
 11800 | D:12     | Noticed an ettin
 11812 | D:12     | Killed an ettin
 11829 | D:12     | Noticed a fire giant
 11846 | D:12     | Killed a fire giant
 11846 | D:12     | Reached skill level 16 in Long Blades
 11868 | D:12     | Shot with an arrow by a centaur

Skill      XL: |  1  2  3  4  5  6  7  8  9 10 11 12 |
---------------+-------------------------------------+-----
Fighting       | 4 5 7 8 9 10 | 10.7
Shields        | 4 5 6 7 9 10 | 10.5
Armour         | 4 5 6 7 9 |  9.3
Long Blades    | 3 4 5 7 9 10 12 14 16 | 16.0
Dodging        | 1 2 3 4 5 |  5.5
Maces & Flails | 2 3 |  3.1
Invocations    | 3 5 6 8 |  8.0

Action                   |  1- 3 |  4- 6 |  7- 9 | 10-12 || total
-------------------------+-------+-------+-------+-------++-------
Melee: Long sword        |    94 |   108 |   291 |       ||   493
       Headbutt          |     7 |    16 |    66 |    63 ||   152
       Flail             |       |       |    22 |       ||    22
       Great sword       |       |       |    38 |   438 ||   476
       Mace              |       |       |       |    19 ||    19
  Use: Scroll            |     4 |     1 |    16 |    11 ||    32
       Potion            |       |     1 |       |    12 ||    13
  Eat: Chunk             |     2 |     4 |    12 |     5 ||    23
       Meat ration       |       |       |       |     3 ||     3
       Beef jerky        |       |       |       |     1 ||     1
Armor: Scale mail        |    55 |    23 |    73 |    48 ||   199
       Plate armour      |       |       |       |   153 ||   153
       Chain mail        |       |       |       |     7 ||     7
Dodge: Dodged            |    45 |    20 |    74 |   182 ||   321
       Deflected         |       |       |       |     4 ||     4
Block: Shield            |    61 |    65 |   246 |       ||   372
       Reflection        |       |       |     9 |    16 ||    25
       Other             |       |       |    21 |   283 ||   304
       Rpst.: Long sword |    11 |     3 |    11 |       ||    25
       Great sword       |       |       |     2 |    33 ||    35
